Map: Odyssey LE

Players

TLO

  • Race: Zerg Zerg
  • Spawn Location: 11:00

SortOf - Winner!

  • Race: Zerg Zerg
  • Spawn Location: 5:00

Event: WCS Valencia 2017

VOD

Have the link to the VOD?

Description

Time

  • Played on: July 13, 2017, 12:45 p.m.
  • Length: 8:09

All games in this series

Show
View Real Time Build Order
Export as new Build Order

TLO Zerg 

Build Orders: Hatch First, Zergling Baneling 

Get SALT Encoding   

  12  0:00  Drone  
  13  0:12  Overlord  
  13  0:17  Drone  
  14  0:31  Drone x2  
  14  0:35  Drone  
  17  0:51  Hatchery  
  17  0:55  Drone  
  17  0:58  Drone  
  17  1:04  Extractor  
  17  1:13  Spawning Pool  
  17  1:15  Drone  
  17  1:19  Drone  
  18  1:30  Drone  
  19  1:39  Overlord  
  19  1:59  Queen  
  19  2:00  Zergling x4  
  23  2:03  Queen  
  23  2:04  Metabolic Boost  
  23  2:06  Zergling x2  
  26  2:11  Drone  
  26  2:14  Drone  
  28  2:25  Baneling Nest  
  28  2:26  Drone  
  28  2:27  Drone  
  29  2:37  Zergling x2  
  29  2:38  Zergling x2  
  31  2:47  Zergling x4  
  33  2:54  Overlord  
  33  2:57  Zergling x2  
  34  3:08  Zergling x4  
  34  3:12  Zergling x2  
  37  3:13  Zergling x4  
  37  3:15  Baneling x4  
  37  3:17  Drone  
  37  3:18  Drone  
  41  3:20  Zergling x4  
  41  3:25  Drone  
  44  3:32  Drone  
  36  3:42  Drone x2  
  36  3:43  Drone x2  
  39  3:48  Drone  
  39  3:51  Drone x2  
  39  3:52  Zergling x2  
  39  3:53  Zergling x2  
  44  3:56  Baneling x2  
  44  3:59  Overlord  
  44  4:03  Overlord  
  44  4:06  Overlord  
  43  4:18  Zergling x4  
  43  4:19  Zergling x2  
  43  4:20  Baneling x2  
  46  4:28  Zergling x2  
  46  4:30  Zergling x2  
  46  4:31  Zergling x2  
  48  4:33  Zergling x2  
  48  4:37  Zergling x2  
  48  4:41  Queen  
  48  4:44  Zergling x2  
  48  4:45  Hatchery  
  47  4:49  Zergling x2  
  47  4:51  Zergling x2  
  46  4:56  Zergling x4  
  47  5:01  Zergling x2  
  47  5:03  Zergling x4  
  47  5:04  Zergling x2  
  47  5:08  Zergling x2  
  47  5:11  Evolution Chamber, Zergling x2  
  48  5:16  Baneling x3  
  48  5:18  Hatchery, Zergling x2  
  48  5:24  Zergling x2  
  48  5:27  Zergling x2  
  49  5:31  Overlord  
  49  5:32  Zergling x2  
  49  5:33  Zergling x4  
  52  5:38  Zergling x2  
  52  5:40  Zergling x2  
  52  5:42  Hatchery  
  52  5:44  Zerg Melee Weapons Level 1, Drone  
  52  5:45  Drone  
  54  5:56  Drone x2  
  55  6:01  Baneling x2  
  55  6:03  Drone x4  
  59  6:13  Zergling x6  
  59  6:14  Zergling x2  
  59  6:17  Drone  
  64  6:25  Roach Warren, Drone  
  61  6:28  Zergling x2  
  61  6:29  Zergling x2  
  61  6:30  Zergling x2  
  61  6:31  Zergling x2  
  65  6:36  Zergling x2  
  65  6:37  Queen x2  
  70  6:43  Zergling x2  
  70  6:45  Baneling x3  
  70  6:46  Baneling, Zergling x2  
  71  6:53  Zergling x2  
  71  6:54  Zergling x4  
  70  6:57  Zergling x2  
  70  6:58  Zergling x2  
  70  6:59  Queen  
  73  7:06  Roach x3  
  77  7:09  Roach  
  77  7:13  Queen  
  81  7:18  Zergling x2, Roach  
  81  7:19  Overlord  
  79  7:30  Roach x2  
  69  7:38  Zergling x14  
  69  7:42  Roach  
  66  7:47  Roach  
Show
View Real Time Build Order
Export as new Build Order

SortOf Zerg - Winner!

Build Orders: Hatch First 

Get SALT Encoding   

  12  0:00  Drone  
  13  0:12  Overlord  
  13  0:17  Drone  
  14  0:31  Drone x2  
  14  0:34  Drone  
  17  0:51  Hatchery  
  17  0:54  Drone  
  17  0:57  Drone  
  18  1:08  Extractor  
  17  1:12  Spawning Pool  
  17  1:15  Drone  
  17  1:19  Drone  
  18  1:28  Drone  
  19  1:39  Overlord  
  19  1:58  Queen  
  19  2:00  Zergling x2  
  19  2:01  Zergling x2  
  23  2:03  Queen, Zergling x2  
  23  2:07  Metabolic Boost  
  26  2:12  Drone  
  26  2:13  Drone  
  28  2:22  Drone  
  29  2:29  Baneling Nest, Drone  
  29  2:36  Drone x2  
  31  2:50  Hatchery  
  30  2:53  Zergling x2  
  30  2:57  Zergling x2  
  30  2:58  Zergling x2  
  33  2:59  Zergling x2  
  33  3:04  Overlord  
  35  3:11  Zergling x4  
  36  3:14  Baneling x2  
  36  3:18  Overlord  
  36  3:21  Baneling x2  
  36  3:22  Queen  
  36  3:24  Zergling x8  
  42  3:31  Zergling x2  
  39  3:46  Drone x4  
  40  3:50  Drone x3  
  43  4:02  Hatchery  
  42  4:06  Zergling x2  
  43  4:11  Zergling x2  
  43  4:13  Zergling x2  
  43  4:15  Overlord  
  45  4:17  Zergling x2  
  45  4:21  Zergling x4  
  45  4:23  Zergling x2  
  45  4:24  Zergling x2  
  48  4:31  Zergling x2  
  48  4:34  Zergling x6  
  48  4:36  Baneling x2  
  48  4:38  Zergling x2  
  51  4:42  Drone x2  
  50  4:50  Drone  
  51  4:55  Drone  
  51  4:56  Drone  
  50  5:00  Drone x2  
  50  5:04  Queen  
  52  5:08  Zergling x4  
  52  5:09  Roach Warren  
  52  5:12  Extractor  
  52  5:13  Baneling  
  52  5:17  Drone x3  
  55  5:24  Drone  
  55  5:28  Overlord  
  55  5:33  Overlord  
  54  5:37  Zergling x2  
  54  5:38  Baneling  
  55  5:49  Queen  
  56  5:53  Roach  
  56  5:54  Roach x7  
  70  5:59  Roach x2  
  70  6:01  Baneling  
  74  6:04  Overlord  
  74  6:09  Roach x2  
  78  6:23  Roach x3  
  84  6:27  Overlord  
  84  6:28  Zergling x10  
  89  6:40  Zergling x4  
  89  6:45  Overlord  
  88  6:54  Zergling x2  
  88  6:55  Zergling x10  
  91  7:02  Zergling x12  
  91  7:03  Baneling x2  
  91  7:04  Baneling x2  
  91  7:06  Zergling x6  
  99  7:18  Roach x4  
  99  7:20  Roach  
  104  7:23  Roach  
  104  7:25  Baneling x2  
  104  7:28  Roach  
  104  7:35  Roach  
  104  7:36  Zergling x2  
  106  7:42  Roach  
  99  7:46  Roach  
  99  7:47  Roach  
  99  7:50  Roach  
Tags
 
Add a new tag
Caveats
  • Supply blocks, unpowered buildings, or Contaminate may cause inaccurate times.
  • Supply counts are checked every 10 seconds.